 Dungeon Crawl Stone Soup version 0.27-a0-1090-gb115f176c6 (webtiles) character file.

Game seed: 12396110428108274910

199256 siradein the Messiah (level 18, -9/165 HPs)
             Began as a Hill Orc Fighter on Apr 27, 2021.
             Was the Champion of Beogh.
             Shot with an arrow by a naga sharpshooter (10 damage)
             ... on level 4 of the Snake Pit.
             The game lasted 02:58:50 (31634 turns).

siradein the Messiah (Hill Orc Fighter)            Turns: 31634, Time: 02:58:50

Health: -9/165     AC: 34    Str: 33    XL:     18   Next: 47%
Magic:  32/32      EV:  8    Int: 17    God:    Beogh [******]
Gold:   1830       SH: 17    Dex: 14    Spells: 17/17 levels left

rFire    . . .     SeeInvis .   t - +10 trident "Voural" {freeze, rPois Str+3 Int+3 Dex+4}
rCold    . . .     Faith    .   Y - +2 kite shield "Reab Wetu" {Will++ Stlth+}
rNeg     . . .     Spirit   .   R - +11 plate armour of Xom's Regard {Regen+ rCorr Str-3}
rPois    +         Reflect  .   E - +0 helmet
rElec    .         Harm     .   L - +0 cloak {Will+}
rCorr    +         Rampage  .   c - +0 pair of gloves
Will     ++++.                  o - +0 pair of boots
Stlth    ..........             x - amulet of regeneration
HPRegen  2.37/turn              D - +6 ring of intelligence
MPRegen  0.23/turn              N - +6 ring of strength

@: weakened, studying Axes
A: walk on water
}: 1/15 runes: decaying
a: Renounce Religion, Smiting, Recall Orcish Followers, Give Item to Named
Follower, Resurrection


You were on level 4 of the Snake Pit.
You worshipped Beogh.
Beogh was exalted by your worship.
You visited 5 branches of the dungeon, and saw 31 of its levels.
You also visited: Ice Cave.

You collected 3267 gold pieces.
You spent 1437 gold pieces at shops.

Inventory:

Hand Weapons
 s - a +2 war axe of flaming
 t - the +10 trident "Voural" (weapon) {freeze, rPois Str+3 Int+3 Dex+4}
   (You took it off an orc on level 4 of the Dungeon)

   It has been specially enchanted to freeze those struck by it, causing extra
   injury to most foes and up to half again as much damage against particularly
   susceptible opponents.
   It can also slow down cold-blooded creatures.
   It affects your strength (+3).
   It affects your intelligence (+3).
   It affects your dexterity (+4).
   It protects you from poison.
Missiles
 h - 2 curare-tipped darts (quivered)
 n - 12 boomerangs of dispersal
Armour
 c - a +0 pair of gloves (worn)
 o - a +0 pair of boots (worn)
 E - a +0 helmet (worn)
 K - a +2 tower shield
 L - a +0 cloak of willpower (worn)
 R - the +11 plate armour of Xom's Regard (worn) {Regen+ rCorr Str-3}
   (You bought it in a shop on level 6 of the Dungeon)

   It affects your strength (-3).
   It increases your rate of health regeneration.
   It protects you from acid and corrosion.
 Y - the +2 kite shield "Reab Wetu" (worn) {Will++ Stlth+}
   (You took it off Donald on level 3 of the Swamp)

   It greatly increases your willpower.
   It makes you more stealthy.
Jewellery
 g - a ring of fire
 x - an amulet of regeneration (around neck)
 D - a +6 ring of intelligence (left hand)
 H - a ring of flight
 N - a +6 ring of strength (right hand)
 U - an amulet of the acrobat
 W - a ring of protection from cold
Wands
 u - a wand of polymorph (37)
 w - a wand of flame (103)
 A - a wand of acid (44)
 B - a wand of iceblast (24)
 I - a wand of charming (11)
 O - a wand of digging (4)
 P - a wand of paralysis (18)
Scrolls
 a - 5 scrolls of magic mapping
 f - 3 scrolls of fear
 k - a scroll of identify
 l - 6 scrolls of amnesia
 m - 12 scrolls of teleportation
 p - 7 scrolls of blinking
 y - a scroll of summoning
 F - a scroll of torment
 G - 3 scrolls of acquirement
 J - a scroll of fog
 Q - 5 scrolls of enchant armour
 S - a scroll of holy word
 V - a scroll of enchant weapon
Potions
 b - 3 potions of brilliance
 d - 6 potions of might
 e - 6 potions of lignification
 i - 2 potions of berserk rage
 j - 9 potions of curing
 q - 3 potions of mutation
 r - 7 potions of haste
 v - 4 potions of magic
 z - 5 potions of resistance
 C - 4 potions of heal wounds
 M - 2 potions of invisibility
 T - 2 potions of ambrosia
 X - a potion of flight
 Z - 3 potions of cancellation


   Skills:
 + Level 15.6 Fighting
 - Level 8.2(12.9) Axes
 - Level 13.4(14.0) Polearms
 + Level 14.4 Armour
 + Level 14.5 Shields
 + Level 21.5 Invocations


You had 17 spell levels left.
You didn't know any spells.
Your spell library contained the following spells:

 Spells                   Type           Power      Damage    Failure   Level
 Animate Skeleton         Necr           0%         N/A       77%         1
 Corona                   Hex            0%         N/A       77%         1
 Foxfire                  Conj/Fire      0%         2x1d4     77%         1
 Sting                    Tmut/Pois      0%         1d3       77%         1
 Ensorcelled Hibernation  Hex/Ice        0%         N/A       88%         2
 Passwall                 Tmut/Erth      0%         N/A       88%         2
 Poisonous Vapours        Pois/Air       0%         N/A       88%         2
 Confusing Touch          Hex            0%         N/A       98%         3
 Conjure Flame            Conj/Fire      0%         6-21      98%         3
 Dazzling Flash           Conj/Hex       0%         N/A       98%         3
 Ignite Poison            Fire/Tmut/Pois 0%         N/A       98%         3
 Inner Flame              Hex/Fire       0%         N/A       98%         3
 Mephitic Cloud           Conj/Pois/Air  0%         N/A       98%         3
 Tukima's Dance           Hex            0%         N/A       98%         3
 Animate Armour           Summ/Erth      0%         N/A       100%        4
 Animate Dead             Necr           0%         N/A       100%        4
 Cause Fear               Hex            0%         N/A       100%        4
 Dispel Undead            Necr           0%         3d6       100%        4
 Ice Form                 Ice/Tmut       0%         N/A       100%        4
 Leda's Liquefaction      Hex/Erth       0%         N/A       100%        4
 Olgreb's Toxic Radiance  Pois           0%         N/A       100%        4
 Sticky Flame             Conj/Fire      0%         2d3       100%        4
 Summon Ice Beast         Ice/Summ       0%         N/A       100%        4
 Summon Lightning Spire   Summ/Air       0%         N/A       100%        4
 Bolt of Magma            Conj/Fire/Erth 0%         4d4       100%        5
 Borgnjor's Vile Clutch   Necr/Erth      0%         N/A       100%        5
 Fireball                 Conj/Fire      0%         3d3       100%        5
 Irradiate                Conj/Tmut      0%         3d14      100%        5
 Iskenderun's Battlesphe  Conj           0%         2d6       100%        5
 Silence                  Hex/Air        0%         N/A       100%        5
 Yara's Violent Unravell  Hex/Tmut       0%         3d3       100%        5
 Blade Hands              Tmut           0%         N/A       100%        6
 Conjure Ball Lightning   Conj/Air       0%         3x3d6     100%        6
 Death Channel            Necr           0%         N/A       100%        6
 Freezing Cloud           Conj/Ice/Air   0%         6-21      100%        6
 Iron Shot                Conj/Erth      0%         9d1       100%        6
 Simulacrum               Ice/Necr       0%         N/A       100%        6
 Statue Form              Tmut/Erth      0%         N/A       100%        6
 Dragon Form              Tmut           0%         N/A       100%        7
 Orb of Destruction       Conj           0%         N/A       100%        7
 Ozocubu's Refrigeration  Ice            0%         4d5       100%        7
 Spellforged Servitor     Conj/Summ      0%         N/A       100%        7
 Discord                  Hex            0%         N/A       100%        8
 Shatter                  Erth           0%         3d5*      100%        9
 Tornado                  Air            0%         N/A       100%        9


Dungeon Overview and Level Annotations

Branches:
Dungeon (15/15)            Temple (0/1) D:7            Lair (6/6) D:9
  Swamp (4/4) Lair:4        Snake (4/4) Lair:4        Slime (0/5) Lair:6
    Orc (2/2) D:11            Elf (0/3) Orc:2        Vaults (0/5) D:14
 Depths (0/5) D:15          IceCv (visited)

Altars:
Ashenzari
Cheibriados
Dithmenos
Hepliaklqana
Kikubaaqudgha
Makhleb
Nemelex Xobeh
Okawaru
Qazlal
Sif Muna
Wu Jian
Xom
Yredelemnul
Zin
The Shining One
Beogh

Shops:
D:6 [   Orc:2 ?*!!   Snake:4 (

Portals:
Abyss: Swamp:4


Message History

You block the black mamba's attack.
The naga sharpshooter shoots an arrow.
The arrow barely misses Wulfoc.
You block the arrow.
Bogwik barely misses the salamander tyrant.
A nagaraja comes into view. It is wielding a +0 flail.
You puncture the salamander tyrant! You freeze the salamander tyrant.
The salamander tyrant is almost dead.
The naga mage spits poison at you.
The splash of poison hits you but does no damage.
You resist.
A nagaraja comes into view. It is wielding a +0 club.
The naga mage closely misses Bogwik.
The naga mage grabs Bogwik.
The naga mage constricts Bogwik.
You hear a twanging sound.
The arrow hits the naga warrior!!
The arrow burns the naga warrior.
The black mamba barely misses you.
The naga mage mumbles some strange words.
The naga mage seems to speed up.
A naga ritualist comes into view. It is wielding a +0 war axe.
The salamander tyrant gazes fiercely through you!
You feel as though you will be weak longer.
The salamander tyrant hits you!
You are engulfed in flames!
* * * LOW HITPOINT WARNING * * *
You hit the salamander tyrant. You freeze the salamander tyrant.
The salamander tyrant is almost dead.
The nagaraja hits you from afar with a +0 spear!!
* * * LOW HITPOINT WARNING * * *
The naga mage gestures at you while chanting.
The bolt of poison hits you but does no damage.
You resist.
The naga warrior hits your orc knight with a +0 short sword!!
The naga warrior grabs your orc knight.
The naga warrior constricts your orc knight.
You block the black mamba's attack.
Ogrik roars a battlecry!
The naga sharpshooter gestures wildly while chanting.
The naga sharpshooter magically shoots an arrow.
The arrow hits you!!
* * * LOW HITPOINT WARNING * * *
The arrow burns you!
You die...

#...........#
####...##...#
######.............
###....).............#
##......))............#
#.(.....).)..#.....#..#
#......)#oNo..........#
#...N..oo#o.#.......
.....#@.##NN..⌠...#
.....oN.SN#........
....N...#NN..#....
..........N.N..#..
...........N..N.
..##........N.N. .
#........NN.
#.......#N..


You could see 2 naga warriors, 3 nagarajas, 2 naga sharpshooters, 2 salamander
tyrants, 2 naga ritualists, a black mamba, 5 naga magi, a friendly orc knight
(strong), the friendly Blodwig the orc knight (strong), the friendly Bogwik the
orc knight (strong) and the friendly Ogrik the orc knight (strong).

Vanquished Creatures
  A tentacled monstrosity (Swamp:4)
  Asterion (Snake:3)
  Roxanne (Swamp:4)
  A fenstrider witch (Swamp:2)
  Kirke (D:13)
  Aizul (Snake:2)
  A very ugly thing (Swamp:4)
  3 bunyips
  A stone giant (D:15)
  An eleionoma (Swamp:3)
  The ghost of leviel the Spear-Bearer, a journeyman MiFi of Okawaru (D:11)
  2 naga warriors
  A salamander tyrant (Snake:3)
  13 hydras
  2 ghost crabs
  4 centaur warriors
  2 two-headed ogres
  2 catoblepae (Lair:6)
  10 anacondas
  4 alligators (Swamp:4)
  2 death yaks
  A tengu warrior (D:15)
  4 naga sharpshooters
  A thrashing horror (Swamp:4)
  2 spriggan berserkers (Swamp:4)
  2 skeletal warriors (D:15)
  A salamander mystic (Snake:2)
  4 bog bodies
  3 spriggan druids
  3 goliath frogs
  4 naga ritualists
  A flayed ghost (D:9)
  A wizard (D:14)
  6 swamp dragons
  2 orc knights (Orc:2)
  3 mana vipers
  An orc sorcerer (Orc:1)
  4 salamanders
  A necromancer (IceCv)
  A shining eye (shapeshifter) (D:14)
  An ugly thing (D:13)
  A will-o-the-wisp (Swamp:2)
  2 cyclopes
  A manticore (Lair:6)
  11 black mambas
  5 elephants (Lair:6)
  6 cane toads
  A molten gargoyle (D:14)
  A naga mage (Snake:3)
  3 ice statues (IceCv)
  2 torpor snails
  An unseen horror (D:11)
  3 gargoyles
  3 rime drakes
  2 kobold demonologists (D:11)
  11 ice devils (IceCv)
  2 komodo dragons (Lair:1)
  3 trolls
  A polar bear (Lair:5)
  2 slime creatures (D:13)
  A hornet (Swamp:3)
  5 blink frogs (Lair:4)
  3 tyrant leeches
  2 dream sheep (Lair:6)
  4 centaur simulacra
  5 spriggans
  2 shadows
  4 wraiths (D:9)
  2 vampires
  21 yaks
  11 fire bats (D:9)
  3 wyverns
  A fire elemental (D:14)
  4 vampire mosquitoes
  2 steam dragons
  5 wargs
  The ghost of Vomitron the Magician, an amateur DjFE (D:4)
  A basilisk (D:13)
  Menkaure (D:6)
  8 swamp worms
  Edmund (D:4)
  9 nagas
  4 acid dragons
  5 water moccasins
  3 black bears
  5 swamp drakes
  11 orc warriors
  2 necrophages
  14 wolves
  8 ogres
  9 centaurs
  A kobold brigand (D:11)
  6 bullfrogs
  3 scorpions (D:9)
  A wyvern skeleton (D:6)
  2 water moccasin zombies
  A water moccasin skeleton (D:5)
  3 wights (D:8)
  3 killer bees (D:9)
  4 howler monkeys
  4 jellies
  A lava snake (D:14)
  4 centaur zombies
  A draconian simulacrum (IceCv)
  A centaur skeleton (D:4)
  8 orc priests
  A gnoll shaman (D:5)
  2 hounds
  An iron imp (D:12)
  6 orc wizards
  Ijyb (D:4)
  An iguana (D:7)
  3 hell rats (Lair:3)
  3 troll simulacra (IceCv)
  A spriggan simulacrum (IceCv)
  3 killer bee zombies
  A howler monkey zombie (D:9)
  5 adders
  9 gnolls
  A naga simulacrum (IceCv)
  An ogre simulacrum (IceCv)
  A white imp (D:7)
  An ufetubus (D:6)
  2 adder skeletons (D:4)
  5 dart slugs
  36 orcs
  6 ball pythons
  6 endoplasms
  2 giant cockroaches
  5 goblins
  3 hobgoblins
  3 quokkas
  74 bats
  4 frilled lizards
  12 kobolds
  3 rats
564 creatures vanquished.

Vanquished Creatures (collateral kills)
  Mara (Swamp:3)
  A profane servitor (Swamp:4)
  The ghost of jasper the Warrior, an adept DsAr of Ashenzari (Swamp:4)
  A thorn hunter (Swamp:3)
  Donald (Swamp:3)
  2 cacodemons (Swamp:4)
  The ghost of Vomitron the Fighter, a journeyman DjCj of Elyvilon (Orc:1)
  Nergalle (Swamp:4)
  Snorg (D:10)
  2 bunyips
  3 eleionomae
  2 ettins
  A shambling mangrove (Swamp:3)
  3 vault guards (D:14)
  13 hydras
  A catoblepas (Lair:6)
  8 naga warriors
  2 centaur warriors (D:14)
  8 anacondas
  4 two-headed ogres
  2 alligators
  9 death yaks
  A death knight (D:15)
  2 tengu warriors (D:15)
  3 shock serpents (Snake:1)
  A spriggan berserker (Swamp:4)
  4 naga sharpshooters
  6 skeletal warriors (D:15)
  3 goliath frogs
  A salamander mystic (Snake:4)
  A spriggan druid (Swamp:3)
  7 swamp dragons
  A sea snake (Snake:1)
  5 bog bodies
  A naga ritualist (Snake:1)
  A wizard (Swamp:4)
  4 orc knights
  3 deep elf pyromancers
  4 ugly things
  An orc sorcerer (Orc:1)
  2 will-o-the-wisps
  5 salamanders
  A manticore (Lair:6)
  14 black mambas
  A black mamba (shapeshifter) (D:14)
  5 naga magi
  13 elephants (Lair:6)
  An apocalypse crab (Swamp:4)
  2 gargoyles
  3 cane toads
  An unseen horror (D:10)
  A rime drake (Lair:6)
  A yaktaur (D:15)
  A komodo dragon (shapeshifter) (D:11)
  3 komodo dragons
  An efreet (D:15)
  A polar bear (Lair:4)
  4 trolls
  8 tyrant leeches
  A jumping spider (shapeshifter) (D:13)
  8 hornets
  2 dream sheep (Lair:6)
  3 blink frogs (Lair:4)
  3 slime creatures
  A raiju (Swamp:4)
  A shadow (D:11)
  A wraith (D:10)
  A wyvern (Lair:5)
  23 yaks
  4 spriggans
  A fire bat (D:9)
  8 humans (D:14)
  A basilisk (Lair:4)
  2 hogs (D:13)
  A fire elemental (D:14)
  5 vampire mosquitoes
  4 wargs (Orc:2)
  8 swamp worms
  16 nagas
  6 water moccasins
  A meliai simulacrum (D:14)
  5 swamp drakes (Swamp:4)
  12 orc warriors
  2 ogres (Orc:2)
  A boggart (D:13)
  A centaur (D:10)
  13 wolves
  2 kobold brigands
  3 bullfrogs
  A howler monkey (D:12)
  2 orc priests
  4 orc wizards
  2 hell rats (Lair:3)
  A gnoll (Orc:1)
  13 orcs
  5 bats (D:9)
  4 kobolds (D:10)
357 creatures vanquished.

Vanquished Creatures (others)
  An orc warlord (Swamp:4)
  An orc high priest (Swamp:2)
  10 orc knights
  A naga mage (Snake:4)
  3 bloated husks
  A swamp worm (Swamp:1)
  12 orc warriors
  2 humans
  6 orc priests
  9 orc wizards
  42 orcs
  An endoplasm (D:4)
  A fire vortex (D:14)
  5 foxfires
  51 fungi
  78 plants
224 creatures vanquished.

Grand Total: 1145 creatures vanquished

Notes
Turn   | Place    | Note
-------+----------+-------------------------------------------
     0 | D:1      | siradein the Hill Orc Fighter began the quest for the Orb.
     0 | D:1      | Reached XP level 1. HP: 19/19 MP: 1/1
   109 | D:1      | Reached XP level 2. HP: 26/26 MP: 2/2
   773 | D:1      | Reached XP level 3. HP: 31/31 MP: 3/3
  1036 | D:2      | Reached skill level 5 in Axes
  1324 | D:2      | Reached XP level 4. HP: 37/39 MP: 4/4
  1621 | D:3      | Found a faded altar of an unknown god.
  2282 | D:3      | Reached XP level 5. HP: 34/45 MP: 5/5
  2591 | D:4      | Became a worshipper of Beogh the Brigand
  2599 | D:4      | Noticed a black bear
  2613 | D:4      | Killed a black bear
  2614 | D:4      | Reached skill level 1 in Invocations
  2644 | D:4      | Reached skill level 2 in Invocations
  2644 | D:4      | Reached XP level 6. HP: 51/51 MP: 7/7
  2700 | D:4      | Found an ancient bone altar of Kikubaaqudgha.
  2705 | D:4      | Noticed Edmund
  2725 | D:4      | Killed Edmund
  2726 | D:4      | Reached skill level 3 in Invocations
  2804 | D:4      | Found a transporter.
  2807 | D:4      | Found a transporter.
  2807 | D:4      | Noticed Vomitron's ghost (amateur DjFE)
  2859 | D:4      | Identified the +10 trident "Voural" {freeze, rPois Str+3
                  | Int+3 Dex+4}
  3035 | D:4      | You fall into a shaft and drop 3 floors!
  3035 | D:7      | Found a staircase to the Ecumenical Temple.
  3045 | D:7      | Reached skill level 1 in Polearms
  3045 | D:7      | Reached skill level 4 in Invocations
  3045 | D:7      | Reached XP level 7. HP: 57/57 MP: 8/10
  3111 | D:7      | Found a sparkling altar of Nemelex Xobeh.
  3223 | D:6      | Reached * piety under Beogh
  3224 | D:6      | Reached skill level 5 in Invocations
  3284 | D:5      | Entered Level 5 of the Dungeon
  3313 | D:5      | Found a broken altar of Ashenzari.
  3387 | D:4      | Noticed Ijyb
  3397 | D:4      | Killed Ijyb
  3466 | D:4      | Reached skill level 6 in Invocations
  3472 | D:4      | Reached XP level 8. HP: 64/64 MP: 12/12
  3877 | D:4      | Killed Vomitron's ghost
  3878 | D:4      | Reached skill level 7 in Invocations
  4149 | D:5      | Reached skill level 5 in Polearms
  4304 | D:5      | Reached skill level 8 in Invocations
  4964 | D:6      | Found Raisat's Antique Armour Emporium.
  5344 | D:6      | Noticed Menkaure
  5365 | D:6      | Killed Menkaure
  5366 | D:6      | Reached skill level 9 in Invocations
  5637 | D:7      | Reached XP level 9. HP: 70/70 MP: 15/15
  5642 | D:7      | Reached ** piety under Beogh
  6026 | D:7      | Identified the Reference Book on Moulding and Necromancy
  6220 | D:8      | Reached skill level 10 in Invocations
  6839 | D:8      | Found a stormy altar of Qazlal.
  7281 | D:6      | Bought a faintly glowing cloak for 285 gold pieces
  7281 | D:6      | Identified the +0 cloak "Yskimn" {Harm rN++ Str+3 Dex-2}
                  | (You bought it in a shop on level 6 of the Dungeon)
  7526 | D:9      | Found a shimmering blue altar of Sif Muna.
  7697 | D:9      | Reached skill level 11 in Invocations
  7967 | D:9      | Reached XP level 10. HP: 62/77 MP: 18/18
  8011 | D:9      | Found a staircase to the Lair.
  8050 | D:9      | Found a basalt altar of Yredelemnul.
  8291 | D:9      | Found a runed translucent door.
  8313 | D:9      | Found the +7 lajatang of Order {silver, rMut}
  8322 | D:9      | Reached skill level 12 in Invocations
  8345 | D:9      | Found a stormy altar of Qazlal.
  8351 | D:9      | Reached *** piety under Beogh
  8356 | D:9      | Reached skill level 10 in Polearms
  8391 | D:9      | Found a glowing golden altar of the Shining One.
  8416 | D:9      | Found an iron altar of Okawaru.
  8447 | D:9      | Noticed a flayed ghost
  8461 | D:9      | Found a basalt altar of Yredelemnul.
  8504 | D:9      | Reached **** piety under Beogh
  8510 | D:9      | Reached skill level 13 in Invocations
  8569 | D:9      | Found a glowing silver altar of Zin.
  8601 | D:9      | Found a shimmering altar of Xom.
  8609 | D:9      | Gained Garbold as an ally
  8777 | D:10     | Entered Level 10 of the Dungeon
  9089 | D:10     | Noticed a two-headed ogre
  9091 | D:10     | Killed a two-headed ogre
  9092 | D:10     | Reached skill level 14 in Invocations
  9092 | D:10     | Reached XP level 11. HP: 82/82 MP: 14/21
  9397 | D:10     | Found an ornate altar of the Wu Jian Council.
  9547 | D:10     | Found a shadowy altar of Dithmenos.
  9548 | D:10     | Found a hazy altar of Hepliaklqana.
  9601 | D:10     | Noticed Snorg
  9604 | D:10     | Killed Snorg
  9728 | D:11     | Noticed an eight-headed hydra
  9734 | D:11     | Killed an eight-headed hydra
  9815 | D:11     | Noticed Nergalle
  9868 | D:11     | Noticed a four-headed hydra
  9873 | D:11     | Killed a four-headed hydra
  9938 | D:11     | Found a staircase to the Orcish Mines.
 10062 | D:11     | Reached skill level 15 in Invocations
 10068 | D:11     | Noticed a sixfirhy
 10166 | D:11     | Found a runed translucent gate.
 10166 | D:11     | Noticed leviel's ghost (journeyman MiFi)
 10167 | D:11     | Found a runed translucent gate.
 10167 | D:11     | Found a runed translucent gate.
 10221 | D:11     | Noticed a moth of wrath
 10221 | D:11     | a dream sheep changed into a moth of wrath
 10295 | Lair:1   | Entered Level 1 of the Lair of Beasts
 10432 | Lair:1   | Noticed a six-headed hydra
 10438 | Lair:1   | Killed a six-headed hydra
 10796 | Lair:1   | Noticed a six-headed hydra
 10801 | Lair:1   | Killed a six-headed hydra
 10802 | Lair:1   | Reached XP level 12. HP: 68/90 MP: 20/23
 11161 | Lair:2   | Gained Argrim as an ally
 11261 | Lair:2   | Noticed an eight-headed hydra
 11263 | Lair:2   | Killed an eight-headed hydra
 11345 | Lair:2   | Reached skill level 16 in Invocations
 12182 | Lair:3   | Reached skill level 5 in Fighting
 12224 | Lair:3   | Noticed a five-headed hydra
 12233 | Lair:3   | Killed a five-headed hydra
 12744 | Lair:4   | Found a staircase to the Snake Pit.
 12793 | Lair:4   | Reached skill level 5 in Armour
 12793 | Lair:4   | Reached skill level 5 in Shields
 12928 | Lair:4   | Found a staircase to the Swamp.
 13773 | Lair:5   | Killed a death yak
 13773 | Lair:5   | Gained Gorg as an ally
 13777 | Lair:5   | Killed a death yak
 13778 | Lair:5   | Reached XP level 13. HP: 104/104 MP: 25/25
 13822 | Lair:5   | Reached ***** piety under Beogh
 13910 | Lair:5   | Reached skill level 17 in Invocations
 14572 | Lair:6   | Entered Level 6 of the Lair of Beasts
 14901 | Lair:6   | Found a staircase to the Slime Pits.
 15497 | Lair:6   | Reached XP level 14. HP: 87/118 MP: 26/26
 15517 | Lair:6   | Your ally Gorg died
 15894 | Orc:1    | Entered Level 1 of the Orcish Mines
 15895 | Orc:1    | Gained Olfik as an ally
 15899 | Orc:1    | Reached ****** piety under Beogh
 15951 | Orc:1    | Reached skill level 18 in Invocations
 16019 | Orc:1    | Paralysed by an orc sorcerer for 2 turns
 16026 | Orc:1    | Reached skill level 10 in Fighting
 16110 | Orc:1    | Found a transporter.
 16111 | Orc:1    | Noticed Vomitron's ghost (journeyman DjCj)
 16112 | Orc:1    | Identified the +5 great mace of Abuse {drain, Fly rElec
                  | Dex+2}
 16112 | Orc:1    | Identified the +4 great mace "Yleuso" {drain, *Rage rElec
                  | rN+}
 16208 | Orc:1    | Found a transporter.
 16644 | D:6      | Bought a transparent plate armour for 840 gold pieces
 16644 | D:6      | Identified the +11 plate armour of Xom's Regard {Regen+
                  | rCorr Str-3} (You bought it in a shop on level 6 of the
                  | Dungeon)
 16847 | D:9      | Identified the +4 whip "Yschuithri" {vorpal, *Corrode +Rage
                  | Str+2}
 16974 | D:11     | Killed leviel's ghost
 17153 | Orc:1    | Killed Vomitron's ghost
 17236 | Orc:2    | Entered Level 2 of the Orcish Mines
 17301 | Orc:2    | Gained Arkwar as an ally
 17429 | Orc:2    | Found a burning altar of Makhleb.
 17512 | Orc:2    | Found a staircase to the Elven Halls.
 17655 | Orc:2    | Found Tuwkiabu's Magic Scroll Emporium.
 17655 | Orc:2    | Found Cotisece's Assorted Antiques.
 17661 | Orc:2    | Bought a scroll of identify for 28 gold pieces
 17661 | Orc:2    | Bought a scroll of identify for 28 gold pieces
 17661 | Orc:2    | Bought a scroll of identify for 28 gold pieces
 17661 | Orc:2    | Bought a scroll of identify for 28 gold pieces
 17661 | Orc:2    | Bought a scroll of identify for 28 gold pieces
 17675 | Orc:2    | Bought an embroidered cloak for 172 gold pieces
 17685 | Orc:2    | Found a roughly hewn altar of Beogh.
 17855 | Orc:2    | Found Goad's Distillery.
 17855 | Orc:2    | Found Puttil's Distillery.
 17857 | Orc:2    | Gained Hawl as an ally
 18553 | D:12     | Found a snail-covered altar of Cheibriados.
 18792 | D:13     | Reached skill level 10 in Shields
 18829 | D:13     | Reached skill level 10 in Armour
 18908 | D:13     | Noticed Kirke
 18913 | D:13     | Gained Agrik as an ally
 18917 | D:13     | Killed Kirke
 19486 | D:14     | Reached skill level 19 in Invocations
 19486 | D:14     | Reached XP level 15. HP: 132/132 MP: 28/28
 19488 | D:14     | Identified 2 scrolls of acquirement
 19704 | D:14     | Reached XP level 16. HP: 103/139 MP: 29/29
 20157 | D:14     | Gained Ogrik as an ally
 20176 | D:14     | Found a gate to the Vaults.
 20384 | D:15     | Entered Level 15 of the Dungeon
 20444 | D:15     | Found a frozen archway.
 20473 | IceCv    | Entered an ice cave
 20892 | IceCv    | Identified the +6 hand axe of Disorder {drain, +Rage rElec
                  | Str+3}
 20897 | IceCv    | Identified the +11 shortbow of Wyrd {flame, rElec Int-2
                  | Dex+4}
 21360 | D:15     | Gained Blodwig as an ally
 21431 | D:15     | Found a staircase to the Depths.
 21527 | D:15     | Identified the +3 morningstar of Perversion {chaos, Str+2
                  | SInv}
 22754 | Swamp:1  | Entered Level 1 of the Swamp
 22778 | Swamp:1  | Your ally Blodwig died
 22780 | Swamp:1  | Gained Bogwik as an ally
 23469 | Swamp:2  | Noticed a fenstrider witch
 23473 | Swamp:2  | Killed a fenstrider witch
 23477 | Swamp:2  | Your ally Garbold died
 23926 | Swamp:2  | Identified the +0 chain mail "Okleddesh" {Fly MP+9 Dex+8
                  | Slay-6}
 24063 | Swamp:2  | You fall into a shaft and drop 1 floor!
 24064 | Swamp:3  | Noticed Mara
 24067 | Swamp:3  | Noticed a thorn hunter
 24069 | Swamp:3  | Killed Mara
 24070 | Swamp:3  | Reached skill level 20 in Invocations
 24073 | Swamp:3  | Killed a thorn hunter
 24075 | Swamp:3  | Your ally Agrik died
 24084 | Swamp:3  | Your ally Hawl died
 24578 | Swamp:3  | Reached XP level 17. HP: 119/150 MP: 31/31
 25282 | Swamp:3  | Upgraded the game from 0.27-a0-1084-g78b3836a5f to
                  | 0.27-a0-1090-gb115f176c6
 25300 | Swamp:3  | Gained Wulfoc as an ally
 25339 | Swamp:3  | Identified the +2 kite shield "Reab Wetu" {Will++ Stlth+}
 25339 | Swamp:3  | Noticed Donald
 25346 | Swamp:3  | Killed Donald
 25895 | Swamp:4  | Entered Level 4 of the Swamp
 25944 | Swamp:4  | Gained Wargrak as an ally
 26159 | Swamp:4  | Noticed Roxanne
 26184 | Swamp:4  | Killed Roxanne
 26231 | Swamp:4  | Found a transporter.
 26252 | Swamp:4  | Noticed jasper's ghost (adept DsAr)
 26335 | Swamp:4  | Noticed a profane servitor
 26370 | Swamp:4  | Noticed a tentacled monstrosity
 26370 | Swamp:4  | Found a transporter.
 26384 | Swamp:4  | Killed a tentacled monstrosity
 26559 | Swamp:4  | Your ally Argrim died
 26565 | Swamp:4  | Your ally died
 26571 | Swamp:4  | Your ally Olfik died
 26672 | Swamp:4  | Got a decaying rune of Zot
 26882 | Snake:1  | Entered Level 1 of the Snake Pit
 27074 | Swamp:4  | Identified the +0 scale mail of the Desolation of Salt
                  | {rPois SInv}
 27488 | Snake:1  | Acquired a manual of Axes
 27724 | Snake:1  | Found a runed translucent gate.
 27724 | Snake:1  | Found a runed translucent gate.
 27724 | Snake:1  | Found a runed translucent gate.
 28411 | Swamp:4  | Killed a profane servitor
 28412 | Swamp:4  | Reached skill level 21 in Invocations
 28429 | Swamp:4  | Killed jasper's ghost
 28434 | Swamp:4  | Reached skill level 15 in Fighting
 28489 | Swamp:4  | Found a one-way gate to the infinite horrors of the Abyss.
 28494 | Swamp:4  | Reached XP level 18. HP: 163/163 MP: 32/32
 29112 | Snake:2  | Noticed Aizul
 29117 | Snake:2  | Killed Aizul
 29668 | Snake:2  | Identified the +2 mace of Eskumeu {freeze, rC++ Str+4}
 30497 | Snake:3  | Noticed Asterion
 30510 | Snake:3  | Killed Asterion
 31409 | Snake:4  | Entered Level 4 of the Snake Pit
 31463 | Snake:4  | Found Qaen's Antique Weapon Emporium.
 31630 | Snake:4  | Your ally Wargrak died
 31634 | Snake:4  | HP: 1/165 [naga sharpshooter/arrow (19)]
 31634 | Snake:4  | Shot with an arrow by a naga sharpshooter

Illustrated notes

Levels and vault maps discovered:
D:1:      eino_arrival_druids_welcome, layout_loops_ring
D:2:      layout_loops_ring
D:3:      layout_rooms, hellmonk_ecumenical_altar_inner_sanctum,
          kennysheep_flooded_box, minmay_misc_feat_tiny,
          minmay_misc_feat_four_crosses
D:4:      layout_cave_pools, tgw_kikubaaqudgha, serial_bayou,
          serial_bayou_pond_e, serial_bayou_pond_e, serial_bayou_shore_a,
          serial_bayou_shore_b, serial_bayou_pond_d, gammafunk_ghost_mausoleum,
          uniq_ijyb, uniq_edmund
D:5:      layout_cave_pools, ashenzari_altar_1
D:6:      layout_basic, serial_shops, kennysheep_little_box, uniq_menkaure
D:7:      cheibrodos_iron_armory, layout_loops_cross,
          nemelex_xobeh_ov_fountains_minmay, minmay_temple_entry_mist,
          grunt_ministairs_14, st_stairs_13
D:8:      layout_loops_cross, grunt_qazlal_clouds
D:9:      due_megacathedral, layout_loops_ring, lemuel_blue_sif_altar,
          kennysheep_mini_moat, grunt_lair_entry_orc_guard_hut,
          kennysheep_generic_room_2
D:10:     layout_stronghold, riverfiend_overflow_shadow_ancestor,
          pf_just_have_faith, uniq_snorg
D:11:     layout_basic, orc_0_dummy, gammafunk_ghost_split,
          grunt_decor_fettered, uniq_nergalle
D:12:     layout_big_octagon, chei_slow_surprise
D:13:     layout_loops_ring, chequers_serial_rivers_marsh, minmay_checkerbox,
          uniq_kirke
D:14:     kennysheep_cluttered_fort, layout_loops_ring,
          ximxim_vaults_locker_room, chequers_serial_rivers_micro_c,
          kennysheep_generic_room_16
D:15:     grunt_enter_depths_snipers, layout_layer_cave,
          portal_ice_cave_entry_pillars_1
Lair:1:   layout_regular_city, lemuel_fruit_tree, serial_bayou_shore_b
Lair:2:   layout_small_grid
Lair:3:   layout_roguey
Lair:4:   layout_roguey, swamp_mist, guppyfry_snake_entry_garden,
          cheibrodos_lair_caveside_slide, infiniplex_staircase_pool_2
Lair:5:   layout_cave_pods, minmay_lindwurm_lava, grunt_megastairs_5
Lair:6:   evilmike_catoblepas_cave, layout_cave_pods, minmay_slime_entry_pillars
Swamp:1:  layout_falls_marsh, nicolae_swamp_dense_foliage, swamp_pool2
Swamp:2:  layout_basic_swamp, nicolae_swamp_very_dense_foliage
Swamp:3:  layout_falls_marsh, serial_swamp_ruin, evilmike_swamp_ruin_house_6,
          evilmike_swamp_ruin_house_3, evilmike_swamp_ruin_house_5, uniq_donald,
          uniq_mara
Swamp:4:  swamp_basic_johnstein, layout_basic_swamp,
          gammafunk_ghost_abyssal_escape, swamp_pool4, uniq_roxanne
Snake:1:  layout_grid_maze, nicolae_snake_horde_hoard
Snake:2:  layout_layer_cave, uniq_aizul
Snake:3:  layout_basic, uniq_asterion
Snake:4:  snake_pit, layout_gridlike, serial_shops,
          nicolae_shop_overgrown_old_shop
Orc:1:    layout_diamond_mine, gammafunk_ghost_smash
Orc:2:    st_orc_town, layout_caves, nicolae_orc_damp_corner, bloody_makhleb

Skill      XL: |  1  2  3  4  5  6  7  8  9 10 11 12 13 14 15 16 17 18 |
---------------+-------------------------------------------------------+-----
Axes           | 4 5 6 7 8 |  8.2
Invocations    | 2 4 6 9 11 14 15 16 17 19 20 21 | 21.5
Polearms       | 1 4 6 9 11 13 | 13.4
Fighting       | 6 9 11 13 15 | 15.6
Shields        | 6 8 10 11 12 13 14 | 14.5
Armour         | 6 8 10 11 12 13 14 | 14.4

Action                   |  1- 3 |  4- 6 |  7- 9 | 10-12 | 13-15 | 16-18 || total
-------------------------+-------+-------+-------+-------+-------+-------++-------
Melee: War axe           |    31 |    22 |     4 |       |       |    41 ||    98
       Hand axe          |    49 |    71 |       |       |       |       ||   120
       Trident           |       |     5 |   247 |   386 |   424 |   833 ||  1895
Throw: Dart              |       |       |       |       |       |     1 ||     1
Invok: Convert to Beogh  |       |     1 |       |       |       |       ||     1
       Smiting           |       |       |       |    16 |     4 |    13 ||    33
       Recall Orcish Fol |       |       |       |     4 |    13 |    17 ||    34
       Give Item to Name |       |       |       |       |     4 |     5 ||     9
       Resurrection      |       |       |       |       |       |     2 ||     2
  Use: Scroll            |       |     5 |     3 |     6 |     9 |     9 ||    32
       Potion            |       |       |     1 |       |     1 |       ||     2
 Stab: Confused          |       |       |       |     1 |       |     2 ||     3
       Distracted        |       |       |       |       |     8 |     1 ||     9
Armor: Scale mail        |     9 |       |       |       |       |       ||     9
       Chain mail        |    26 |    36 |   104 |   115 |       |       ||   281
       Plate armour      |       |       |       |    56 |   163 |   440 ||   659
       Acid dragon scale |       |       |       |    16 |       |       ||    16
Dodge: Dodged            |    16 |    19 |    34 |    70 |    33 |   156 ||   328
Block: Kite shield       |    38 |    38 |   110 |    99 |       |   433 ||   718
       Tower shield      |       |       |       |   166 |   320 |   288 ||   774

Table legend: (Time is in decaauts)
 A = Elapsed time spent in this place.
 B = Non-inter-level travel time spent in this place.
 C = Inter-level travel time spent in this place.
 D = Time resting spent in this place.
 E = Time spent auto-exploring this place.
 F = Levels seen in this place.
 G = Mean time per level.
                   A        B        C        D        E       F      G
               +--------+--------+--------+--------+--------+-----+--------+
         Total |  33027 |  29518 |   3509 |   2366 |  21864 |  32 | 1032.1 |
       Dungeon |  15811 |  13820 |   1991 |    868 |  10524 |  15 | 1054.1 |
          Lair |   5692 |   4954 |    738 |      0 |   4362 |   6 |  948.7 |
         Swamp |   5594 |   5075 |    519 |    849 |   3212 |   4 | 1398.5 |
     Snake Pit |   3850 |   3692 |    158 |    644 |   2526 |   4 |  962.5 |
  Orcish Mines |   1610 |   1509 |    101 |      0 |   1062 |   2 |  805.0 |
      Ice Cave |    467 |    467 |      0 |      5 |    177 |   1 |  467.0 |
               +--------+--------+--------+--------+--------+-----+--------+

Top non-repeatable levels by time:
     D:9: 1972 daAuts
 Swamp:4: 1564 daAuts
 Swamp:3: 1563 daAuts
 Swamp:2: 1557 daAuts
     D:4: 1358 daAuts
    D:15: 1348 daAuts
 Snake:2: 1343 daAuts
     D:6: 1255 daAuts
     D:8: 1202 daAuts
 Snake:3: 1166 daAuts
  Lair:6: 1151 daAuts
 Snake:1: 1133 daAuts
  Lair:2: 1126 daAuts
  Lair:4: 1042 daAuts
    D:14: 1030 daAuts
